 Dungeon Crawl Stone Soup version 0.26.0-15-gc6cd9f700b (webtiles) character file.

Game seed: 873894583055253743

166 jackrogers the Slasher (level 5, -3/30 HPs)
             Began as a Gargoyle Gladiator on Jan 17, 2021.
             Was a Believer of Kikubaaqudgha.
             Slain by an orc warrior
             ... wielding a +0 dire flail
              (5 damage)
             ... on level 4 of the Dungeon.
             The game lasted 00:03:35 (3221 turns).

jackrogers the Slasher (Gargoyle Gladiator)         Turns: 3221, Time: 00:03:35

Health: -3/30      AC: 12    Str: 18    XL:     5   Next: 47%
Magic:  5/5        EV: 11    Int:  9    God:    Kikubaaqudgha [**....]
Gold:   165        SH:  0    Dex: 11    Spells: 4/4 levels left

rFire    . . .     SeeInvis .   a - +0 long sword
rCold    . . .     Faith    .   (no shield)
rNeg     + . .     Spirit   .   k - +0 ring mail
rPois    ∞         Reflect  .   q - +2 hat
rElec    +         Harm     .   (no cloak)
rCorr    .         Rampage  .   p - +0 pair of gloves
Will     .....                  (no boots)
Stlth    +.........             (no amulet)
HPRegen  0.10/turn              (no ring)
MPRegen  0.09/turn              (no ring)

@: no status effects
A: negative energy resistance 1, electricity resistance, unbreathing,
petrification resistance, miasma immunity, AC +4
a: Renounce Religion, Receive Corpses


You were on level 4 of the Dungeon.
You worshipped Kikubaaqudgha.
Kikubaaqudgha was pleased with you.
You visited 1 branch of the dungeon, and saw 4 of its levels.

You collected 165 gold pieces.

Inventory:

Hand Weapons
 a - a +0 long sword (weapon)
Missiles
 d - 3 throwing nets {=f, !d}
Armour
 k - a +0 ring mail (worn)
   (You found it on level 2 of the Dungeon)
 p - a +0 pair of gloves (worn)
   (You found it on level 3 of the Dungeon)
 q - a +2 hat (worn)
   (You found it on level 3 of the Dungeon)
Scrolls
 e - 2 scrolls of remove curse
 h - a scroll of identify
 n - a scroll of fear
 t - 2 scrolls of blinking {!r}
Potions
 g - 4 potions of curing
 j - 2 potions of lignification {!q}
 l - a potion of degeneration {!q}
 m - a potion of mutation {!q}
 r - a potion of attraction {!q}
 s - a potion of magic


   Skills:
 - Level 2.1 Fighting
 + Level 5.4 Long Blades
 - Level 1.7 Throwing
 - Level 2.4 Dodging


You had 4 spell levels left.
You didn't know any spells.
Your spell library contained the following spells:

 Spells                   Type           Power        Failure   Level
 Animate Skeleton         Necr           0%           58%         1
 Pain                     Necr           0%           58%         1
 Corpse Rot               Necr/Air       N/A          73%         2
 Vampiric Draining        Necr           0%           91%         3


Dungeon Overview and Level Annotations

Branches:
Dungeon (4/15)
 Temple: D:4-7

Altars:
Elyvilon
Kikubaaqudgha
Qazlal
Xom


Innate Abilities, Weirdness & Mutations

You are resistant to torment.
Your stone body is resilient. (AC +4)
You are immune to poison.
You resist negative energy. (rN+)
You are resistant to electric shocks. (rElec)
You can survive without breathing.
You are immune to petrification.
You are immune to miasma.


Message History

It was a scroll of teleportation.
As you read the scroll labelled XEAFEOMMUANO, it crumbles to dust.
You feel blessed for a moment.
It was a scroll of remove curse.
As you read the scroll of identify, it crumbles to dust.
g - 4 potions of curing
As you read the scroll of identify, it crumbles to dust.
l - a potion of degeneration Your surroundings suddenly seem different.
As you read the scroll of identify, it crumbles to dust.
j - 2 potions of lignification
As you read the scroll of identify, it crumbles to dust.
r - a potion of attraction
As you read the scroll of identify, it crumbles to dust.
m - a potion of mutation You start removing your armour.
You continue taking off your +0 helmet. x4
You finish taking off your +0 helmet.
You start putting on your armour.
You continue putting on your embroidered hat. x5
You finish putting on your +2 hat.
You start putting on your armour.
You continue putting on your pair of gloves. x4
You finish putting on your +0 pair of gloves.
Okay, then.
Drop what? 17/52 slots (_ for help) (? for menu, Esc to quit)
You drop a +0 leather armour.
You drop a +0 helmet.
Done exploring.
Done exploring.
Done exploring.
Done exploring.
Done exploring.
Done exploring.
(D) Dungeon
Where to? (Enter - D:3, ? - help)
There is a stone staircase leading down here.
You climb downwards.
A leopard gecko comes into view.
Found a coppery potion, a scroll of identify and 10 stones.
Found a stone staircase leading down.
There is a stone staircase leading up here.
A leopard gecko is nearby!
An orc comes into view. It is wielding a +0 hand axe.
The orc shouts!
An orc warrior and an orc wizard come into view.
The orc wizard shouts!
Warning x2: The orc wizard might cast Slow, Confuse, Throw Flame, Throw Frost, or go Invisible!
The orc warrior can hit for high damage!
You miss the leopard gecko.
The leopard gecko bites you but does no damage.
The orc wizard casts a spell.
The orc wizard blinks!
Warning x2: The orc wizard might cast Slow, Confuse, Throw Flame, Throw Frost, or go Invisible!
The orc warrior can hit for high damage!
You slash the leopard gecko!
You kill the leopard gecko!
Kikubaaqudgha accepts your kill.
Warning x2: The orc wizard might cast Slow, Confuse, Throw Flame, Throw Frost, or go Invisible!
The orc warrior can hit for high damage!
The orc hits you but does no damage.
An orc wizard comes into view. It is wielding a +0 dagger.
The orc wizard closely misses you.
You riposte.
You barely miss the orc wizard.
You see here a leopard gecko corpse.
Warning x3: The orc wizard might cast Slow, Confuse, Throw Flame, Throw Frost, or go Invisible!
The orc wizard (wandering) might cast Slow, Confuse, Throw Flame, Throw Frost, or go Invisible!
The orc warrior can hit for high damage!
You miss the orc wizard.
The orc wizard shouts!
Warning x3: The orc wizard might cast Slow, Confuse, Throw Flame, Throw Frost, or go Invisible! x2
The orc warrior can hit for high damage!
You closely miss the orc warrior.
The orc wizard hits you with a +0 dagger.
Warning x3: The orc wizard might cast Slow, Confuse, Throw Flame, Throw Frost, or go Invisible! x2
The orc warrior can hit for high damage!
Okay, then.
Warning x3: The orc wizard might cast Slow, Confuse, Throw Flame, Throw Frost, or go Invisible! x2
The orc warrior can hit for high damage!
You closely miss the orc warrior. The orc warrior barely misses you.
The orc barely misses you.
The orc wizard points at you and mumbles some strange words.
The magic dart hits you but does no damage.
A worm comes into view.
Warning x3: The orc wizard might cast Slow, Confuse, Throw Flame, Throw Frost, or go Invisible! x2
The orc warrior can hit for high damage!
The orc wizard hits you but does no damage.
The orc barely misses you.
You riposte.
You slash the orc!
You kill the orc!
Kikubaaqudgha accepts your kill.
Warning x3: The orc wizard might cast Slow, Confuse, Throw Flame, Throw Frost, or go Invisible! x2
The orc warrior can hit for high damage!
You hit the orc warrior.
The orc warrior hits you with a +0 dire flail!
The orc wizard hits you but does no damage. x2
Warning x3: The orc wizard might cast Slow, Confuse, Throw Flame, Throw Frost, or go Invisible! x2
The orc warrior can hit for high damage!
You barely miss the orc warrior.
The orc wizard hits you but does no damage.
The orc warrior hits you with a +0 dire flail.
The orc wizard barely misses you.
You riposte.
You closely miss the orc wizard. The orc wizard misses you.
Warning x3: The orc wizard might cast Slow, Confuse, Throw Flame, Throw Frost, or go Invisible! x2
The orc warrior can hit for high damage!
You barely miss the orc warrior. The orc warrior barely misses you.
The orc wizard hits you but does no damage. x2
The orc warrior hits you with a +0 dire flail!
* * * LOW HITPOINT WARNING * * *
Warning x3: The orc wizard might cast Slow, Confuse, Throw Flame, Throw Frost, or go Invisible! x2
The orc warrior can hit for high damage!
You barely miss the orc warrior.
The orc wizard hits you but does no damage.
The orc wizard barely misses you.
You riposte.
You closely miss the orc wizard.
The orc warrior hits you with a +0 dire flail.
You die...
Kikubaaqudgha rasps: "You have failed me!
Welcome... oblivion!"

...?.###.##...
#............##
#.............##
.......(.......#
...............#
#..............#
#......)o>.....####
#...w.o@†..........
........o....?####
)##..!......<##
############


You could see an orc warrior, a worm and 2 orc wizards.

Vanquished Creatures
  4 adders
  6 oozes
  A worm (D:3)
  2 leopard geckos
  2 orcs
  2 ball pythons (D:3)
  5 giant cockroaches (D:1)
  7 goblins
  11 hobgoblins
  16 jackals
  10 kobolds
  2 quokkas
  6 bats
  4 frilled lizards
  16 rats
94 creatures vanquished.

Vanquished Creatures (others)
  6 plants (D:2)
6 creatures vanquished.

Grand Total: 100 creatures vanquished

Notes
Turn   | Place    | Note
-------+----------+-------------------------------------------
     0 | D:1      | jackrogers the Gargoyle Gladiator began the quest for the
                  | Orb.
     0 | D:1      | Reached XP level 1. HP: 12/12 MP: 1/1
     1 | D:1      | Found a runed translucent door.
   146 | D:1      | Reached skill level 3 in Long Blades
   156 | D:1      | Reached XP level 2. HP: 9/17 MP: 2/2
   170 | D:1      | HP: 4/17 [kobold (2)]
   804 | D:1      | Found a shimmering altar of Xom.
   935 | D:2      | Reached XP level 3. HP: 21/21 MP: 3/3
  1250 | D:2      | Reached skill level 4 in Long Blades
  1355 | D:2      | Found a white marble altar of Elyvilon.
  1442 | D:2      | Found a stormy altar of Qazlal.
  1564 | D:2      | Found a faded altar of an unknown god.
  1579 | D:2      | Reached XP level 4. HP: 25/26 MP: 4/4
  1591 | D:2      | Became a worshipper of Kikubaaqudgha
  1591 | D:2      | Reached * piety under Kikubaaqudgha
  1591 | D:2      | Identified Kikubaaqudgha's Disquisition on Unholy Rituals
                  | (Kikubaaqudgha gifted it to you on level 2 of the Dungeon)
  1591 | D:2      | Received a gift from Kikubaaqudgha
  1931 | D:1      | Reached ** piety under Kikubaaqudgha
  2231 | D:3      | Reached skill level 5 in Long Blades
  2235 | D:3      | Reached XP level 5. HP: 28/30 MP: 5/5
  2487 | D:3      | Found a shimmering altar of Xom.
  3210 | D:4      | Noticed an orc warrior
  3220 | D:4      | HP: 1/30 [orc warrior/+0 dire flail (10)]
  3221 | D:4      | Slain by an orc warrior

Illustrated notes

Levels and vault maps discovered:
D:1:      dpeg_arrival_caged_fury, layout_rooms, xom_teletrap_fun
D:2:      layout_loops_ring, elyvilon_altar_4, chequers_ecumenical_altar_lobes,
          chequers_serial_rivers_micro_c, nicolae_qazlal_eye_of_the_storm
D:3:      layout_basic, lemuel_altar_in_water
D:4:      layout_rooms, minmay_temple_entry_sparse_star, serial_shops,
          shop_fountains

Skill      XL: |  1  2  3  4 |
---------------+-------------+-----
Long Blades    | 3 4 5 |  5.4
Fighting       | |  2.1
Throwing       | |  1.7
Dodging        | |  2.4

Action                   |  1- 3 |  4- 6 || total
-------------------------+-------+-------++-------
Melee: Long sword        |   124 |   175 ||   299
  Use: Scroll            |       |    12 ||    12
Armor: Leather armour    |    36 |       ||    36
       Ring mail         |    29 |    77 ||   106
Dodge: Dodged            |   108 |   123 ||   231
       Rpst.: Long sword |    44 |    41 ||    85

Table legend: (Time is in decaauts)
 A = Elapsed time spent in this place.
 B = Non-inter-level travel time spent in this place.
 C = Inter-level travel time spent in this place.
 D = Time resting spent in this place.
 E = Time spent auto-exploring this place.
 F = Levels seen in this place.
 G = Mean time per level.
                   A        B        C        D        E       F      G
               +--------+--------+--------+--------+--------+-----+--------+
         Total |   3277 |   3137 |    140 |    688 |   1843 |   4 |  819.2 |
       Dungeon |   3277 |   3137 |    140 |    688 |   1843 |   4 |  819.2 |
               +--------+--------+--------+--------+--------+-----+--------+

Top non-repeatable levels by time:
     D:1: 1215 daAuts
     D:3: 1137 daAuts
     D:2: 909 daAuts
     D:4: 15 daAuts

Table legend:
 A = Kills in this place as a percentage of kills in entire the game.
 B = Kills by you in this place as a percentage of kills by you in the entire game.
 C = Kills by friends in this place as a percentage of kills by friends in the entire game.
 D = Other kills in this place as a percentage of other kills in the entire game.
 E = Experience gained in this place as a percentage of experience gained in the entire game.
 F = Experience gained in this place divided by the number of levels of this place that you have seen.
                   A       B       C       D       E      F
               +-------+-------+-------+-------+-------+----------------------
         Total | 100.0 | 100.0 |   N/A |   N/A | 100.0 |  59.5
       Dungeon | 100.0 | 100.0 |   N/A |   N/A | 100.0 |  59.5
               +-------+-------+-------+-------+-------+----------------------
